 Dungeon Crawl Stone Soup version 0.30-a0-652-gcc886f7154 (webtiles) character file.

Game seed: 2422934019287785623

88 wormed the Ducker (level 4, -3/30 HPs)
             Began as an Octopode Warper on Jan 18, 2023.
             Slain by an orc
             ... wielding a +0 club
              (4 damage)
             ... on level 2 of the Dungeon.
             The game lasted 00:03:00 (1832 turns).

wormed the Ducker (Octopode Warper)                 Turns: 1832, Time: 00:03:00

Health: -3/30      AC:  1    Str: 10    XL:     4   Next: 54%
Magic:  6/8        EV: 13    Int: 17    God:
Gold:   83         SH:  0    Dex: 11    Spells: 6/8 levels left

rFire   . . .      SeeInvis .      - Unarmed
rCold   . . .      Faith    .    (no shield)
rNeg    + . .      Spirit   .    (helmet restricted)
rPois   .          Reflect  .    (no amulet)
rElec   .          Harm     .    g - ring of positive energy
rCorr   .          Rampage  .    (no ring)
Will    .....                    (no ring)
Stlth   ++                       (no ring)
HPRegen 0.25/turn                (no ring)
MPRegen 0.11/turn                (no ring)
                                 (no ring)
                                 (no ring)

@: no status effects
A: almost no armour, amphibious, 8 rings, camouflage 1, gelatinous body 1,
(nimble swimmer 1), tentacles
a: no special abilities


You were on level 2 of the Dungeon.
You visited 1 branch of the dungeon, and saw 3 of its levels.

You collected 83 gold pieces.

Inventory:

Missiles
 b - 5 boomerangs of dispersal (quivered)
Jewellery
 g - a ring of positive energy (left tentacle)
Scrolls
 a - a scroll of blinking
 d - a scroll of enchant armour
 h - a scroll of immolation
 i - 2 scrolls of teleportation
 o - a scroll of silence
Potions
 c - 3 potions of curing
 l - a potion of heal wounds {unknown}
 m - a potion of lignification {unknown}
 n - a potion of brilliance {unknown}


   Skills:
 + Level 2.8 Fighting
 - Level 1.0 Throwing
 + Level 3.1 Dodging
 + Level 2.8 Unarmed Combat
 + Level 2.6 Spellcasting
 - Level 3.0 Translocations


You had 6 spell levels left.
You knew the following spells:

 Your Spells              Type           Power      Damage    Failure   Level
k - Blink                 Tloc           24%        N/A       8%          2

Your spell library contained the following spells:

 Spells                   Type           Power      Damage    Failure   Level
 Lesser Beckoning         Tloc           24%        N/A       8%          2
 Gell's Gravitas          Tloc           12%        N/A       16%         3
 Teleport Other           Tloc           12%        N/A       16%         3
 Vhi's Electric Charge    Tloc/Air       14%        N/A       28%         3
 Manifold Assault         Tloc           12%        N/A       45%         4
 Dispersal                Tloc           6%         N/A       100%        6


Dungeon Overview and Level Annotations

Branches:
Dungeon (3/15)

Altars:
Yredelemnul

Annotations:
D:3 Ijyb


Innate Abilities, Weirdness & Mutations

You cannot wear most types of armour.
You are amphibious.
You can wear up to eight rings at the same time.
Your skin changes colour to match your surroundings (Stealth+).
Your rubbery body absorbs attacks. (AC +1, EV +1)
((You are camouflaged when in or above water. (Stealth+)))
You have tentacles for arms and can constrict up to eight enemies at once.


Message History

You tentacle-slap the howler monkey. You grab the howler monkey.
The howler monkey is lightly wounded.
You constrict the howler monkey. The howler monkey hits you.
A kobold comes into view. It is wielding a +0 dagger.
You tentacle-slap the howler monkey.
The howler monkey is moderately wounded.
You constrict the howler monkey. The howler monkey hits you.
Ijyb the Twisted Goblin comes into view.
She is wielding a +2 dagger of freezing and carrying a wand of flame (15).
You tentacle-slap the howler monkey but do no damage.
The howler monkey is moderately wounded.
You constrict the howler monkey, but do no damage.
The howler monkey hoots and howls with incredible vigour!
You hear an angry hiss.
You hear a shout! x2
You tentacle-slap the howler monkey. You squeeze the howler monkey.
The howler monkey is almost dead.
You constrict the howler monkey. The howler monkey hits you.
An orc priest comes into view. It is wielding a +0 short sword.
You are too injured to fight recklessly!
You are too injured to fight recklessly!
You tentacle-slap the howler monkey but do no damage.
The howler monkey is almost dead.
You constrict the howler monkey.
You kill the howler monkey!
Your Dodging skill increases to level 3!
You have reached level 4!
The orc priest mumbles some strange prayers to Beogh against you.
Beogh smites you!
* * * LOW HITPOINT WARNING * * *
There is a stone staircase leading up here.
The orc hits you with a +0 club.
* * * LOW HITPOINT WARNING * * *
You climb upwards.
There is a stone staircase leading down here.
Throw: 6 boomerangs (disperse)
Press: ? - help, Q - select action, (/) - cycle Shift-Dir - straight line, f - orc
Aim: an orc, wielding a +0 club (56% to hit)
You throw a boomerang of dispersal.
The boomerang of dispersal hits the orc but does no damage.
The orc hits you with a +0 club.
You die...

..............#
###........##.#
#........##.#
#........##.#
#........##.#
#........##.#
#........##.#
###........##.####
...........'....@#
###........#####o#
########## #.# #.#
#.# #.# #.# #.#
#.#


You could see an orc.

Vanquished Creatures
  A howler monkey (D:3)
  An adder (D:2)
  A worm (D:2)
  3 orcs
  5 ball pythons
  4 endoplasms
  A giant cockroach (D:2)
  2 goblins
  3 hobgoblins
  2 bats
  4 frilled lizards
  7 kobolds
  3 rats
37 creatures vanquished.

Notes
Turn   | Place    | Note
-------+----------+-------------------------------------------
     0 | D:1      | wormed the Octopode Warper began the quest for the Orb.
     0 | D:1      | Reached XP level 1. HP: 14/14 MP: 3/3
   207 | D:1      | Reached XP level 2. HP: 19/19 MP: 5/5
   717 | D:1      | Learned a level 2 spell: Blink
   955 | D:2      | Found a basalt altar of Yredelemnul.
   987 | D:2      | Reached XP level 3. HP: 25/25 MP: 6/6
  1825 | D:3      | Noticed Ijyb
  1829 | D:3      | Reached XP level 4. HP: 14/30 MP: 6/8
  1830 | D:3      | HP: 1/30 [orc/+0 club (2)]
  1832 | D:2      | Slain by an orc

Illustrated notes

Levels and vault maps discovered:
D:1:      nicolae_arrival_somewhat_less_tricky_arrival, layout_loops_cross
D:2:      layout_basic, basic_altar, nicolae_hexahallways,
          minmay_misc_feat_encased
D:3:      layout_rooms, uniq_ijyb

Skill      XL: |  1  2  3 |
---------------+----------+-----
Dodging        | 3 |  3.1
Fighting       | |  2.8
Throwing       | |  1.0
Unarmed Combat | |  2.8
Spellcasting   | |  2.6
Translocations | |  3.0

Action                   |  1- 3 |  4- 6 || total
-------------------------+-------+-------++-------
Melee: Unarmed           |    90 |       ||    90
       Constrict         |    24 |       ||    24
       Tentacles         |    12 |       ||    12
Throw: Boomerang         |     1 |     1 ||     2
  Use: Scroll            |     9 |       ||     9
 Stab: Sleeping          |     6 |       ||     6
Armor: Skin              |     4 |       ||     4
Dodge: Dodged            |    33 |       ||    33

Table legend: (Time is in decaauts)
 A = Elapsed time spent in this place.
 B = Non-inter-level travel time spent in this place.
 C = Inter-level travel time spent in this place.
 D = Time resting spent in this place.
 E = Time spent auto-exploring this place.
 F = Levels seen in this place.
 G = Mean time per level.
                   A        B        C        D        E       F      G
               +--------+--------+--------+--------+--------+-----+--------+
         Total |   1827 |   1721 |    106 |     46 |   1406 |   3 |  609.0 |
       Dungeon |   1827 |   1721 |    106 |     46 |   1406 |   3 |  609.0 |
               +--------+--------+--------+--------+--------+-----+--------+

Top non-repeatable levels by time:
     D:2: 1094 daAuts
     D:1: 716 daAuts
     D:3: 16 daAuts
